 Dungeon Crawl Stone Soup version 0.25-a0-583-g696c2ac64d (webtiles) character file.

Game seed: 2355960524190318258, levelgen mode: deterministic

60 An17 the Sneak (level 3, 0/19 HPs)
             Began as a Vampire Enchanter on Mar 8, 2020.
             Slain by a worm (10 damage)
             ... on level 2 of the Dungeon.
             The game lasted 00:04:43 (879 turns).

An17 the Sneak (Vampire Enchanter)                   Turns: 879, Time: 00:04:43

Health: 0/19       AC:  2    Str:  7    XL:     3   Next: 80%
Magic:  0/6        EV: 13    Int: 17    God:
Gold:   40         SH:  0    Dex: 15    Spells: 0/6 levels left

rFire    . . .     SeeInvis +   a - +1 dagger
rCold    + + .     Gourm    .   (no shield)
rNeg     + + +     Faith    .   b - +0 robe
rPois    ∞         Spirit   .   (no helmet)
rElec    .         Reflect  .   (no cloak)
rCorr    .         Harm     .   (no gloves)
MR       .....                  (no boots)
Stlth    +++++.....             (no amulet)
HPRegen  0.00/turn              (no ring)
MPRegen  0.10/turn              (no ring)

@: bloodless
A: no food, fangs 3, see invisible, unbreathing
a: Bat Form, Revivify


You were on level 2 of the Dungeon.
You were bloodless.

You visited 1 branch of the dungeon, and saw 2 of its levels.

You collected 40 gold pieces.

Inventory:

Hand Weapons
 a - a +1 dagger (weapon)
 l - a +0 short sword of flaming
Missiles
 e - 14 poisoned darts (quivered)
Armour
 b - a +0 robe (worn)
Scrolls
 f - a scroll of remove curse
Potions
 c - 3 potions of heal wounds
 d - a potion of ambrosia
 g - 2 potions of resistance
 h - a potion of curing {unknown}
 i - a potion of flight {unknown}
 j - a potion of haste {unknown}
 k - a potion of lignification {unknown}


   Skills:
 + Level 0.3 Fighting
 + Level 2.0 Short Blades
 * Level 2.8 Dodging
 + Level 5.3 Stealth
 + Level 2.3 Spellcasting
 + Level 4.8 Hexes


You couldn't memorise any spells.
You knew the following spells:

 Your Spells              Type           Power        Failure   Level  Hunger
a - Corona                Hex            ###....      2%          1    N/A
b - Ensorcelled Hibernat  Hex/Ice        ##....       11%         2    N/A
c - Tukima's Dance        Hex            ###.....     8%          3    N/A

Your spell library contained the following spells:

 Spells                   Type           Power        Failure   Level  Hunger
 Confusing Touch          Hex            ###.....     8%          3    N/A
 Dazzling Flash           Conj/Hex       ##....       21%         3    N/A

Dungeon Overview and Level Annotations

Branches:
Dungeon (2/15)

Altars:


Innate Abilities, Weirdness & Mutations

You do not eat.
You do not regenerate when monsters are visible.
You are frail without blood (-20% HP).
You can heal yourself when you bite living creatures.
You are immune to poison.
You have razor-sharp teeth.
You have supernaturally acute eyesight. (SInv)
You can survive without breathing.


Message History

Aim: a worm (chance to defeat MR: 50%)
The worm resists with some effort.
You see here a ration.
Casting: Ensorcelled Hibernation (safe; 11% risk of failure)
Confirm with . or Enter, or press ? or * to list all spells.
Aiming: Ensorcelled Hibernation (safe; 11% risk of failure)
Press: ? - help, Shift-Dir - straight line, f/p - worm
Aim: a worm (chance to defeat MR: 50%)
The worm looks drowsy...
The worm barely misses you.
You hit the worm. You bite the worm.
The worm is heavily wounded.
You barely miss the worm. You bite the worm.
The worm is heavily wounded.
The worm closely misses you.
You hit the worm.
The worm is severely wounded.
The worm bites you!
Ouch! That really hurt!
You die...

#...# #.#
#.##)####.#. ##..#
#.# #.##.# #.#.
#..# #†# #....#
#.#. #..#
#.#############.#.
#..#
#...............#.
#.w#
#################.
#..# #.
#..################
#.
#.>..%w@.†........#
#.
#################.#
#. #.# #† #.# #.
#)# #. #.# #.
#.###### #.......
########


You could see a worm.

Vanquished Creatures
  An adder (D:2)
  An ooze (D:1)
  A worm (D:2)
  2 dart slugs (D:1)
  4 giant cockroaches
  8 goblins
  6 hobgoblins
  2 jackals (D:1)
  A quokka (D:2)
  5 bats
  A frilled lizard (D:1)
  A kobold (D:2)
  3 rats (D:1)
36 creatures vanquished.

Notes
Turn   | Place    | Note
-------+----------+-------------------------------------------
     0 | D:1      | An17 the Vampire Enchanter began the quest for the Orb.
     0 | D:1      | Reached XP level 1. HP: 13/13 MP: 3/3
   121 | D:1      | Reached XP level 2. HP: 18/19 MP: 5/5
   199 | D:1      | Reached skill level 5 in Stealth
   206 | D:1      | Learned a level 2 spell: Ensorcelled Hibernation
   417 | D:1      | Reached XP level 3. HP: 24/24 MP: 6/6
   422 | D:1      | Learned a level 3 spell: Tukima's Dance
   879 | D:2      | Slain by a worm

Levels and vault maps discovered:
D:1:      giann_bridges, layout_rooms
D:2:      layout_basic, minitemple

Skill      XL: |  1  2  3 |
---------------+----------+-----
Stealth        | 5 |  5.3
Short Blades   | 2 |  2.0
Fighting       | |  0.3
Dodging        | |  2.8
Spellcasting   | |  2.3
Hexes          | |  4.8

Action                   || total
-------------------------++-------
Melee: Dagger            ||   112
       Bite              ||    11
 Cast: Corona            ||     5
       Ensorcelled Hiber ||     8
 Abil: Exsanguinate      ||     1
  Use: Scroll            ||     5
 Stab: Sleeping          ||    14
Armor: Robe              ||    20
Dodge: Dodged            ||    65

Table legend:
 A = Non-vault XP
 B = Vault XP
 C = Vault XP percentage of total XP
 D = Non-vault monster count
 E = Vault monster count
 F = Vault count percentage of total count
                 A         B        C        D         E       F
            +---------+---------+-------+---------+---------+-------
      Total |      86 |       0 |   0.0 |      36 |       0 |   0.0
            +---------+---------+-------+---------+---------+-------
        D:1 |      51 |       0 |   0.0 |      25 |       0 |   0.0
        D:2 |      35 |       0 |   0.0 |      11 |       0 |   0.0
            +---------+---------+-------+---------+---------+-------
